 Dungeon Crawl Stone Soup version 0.27-a0-1065-ge809cff456 (webtiles) character file.

Game seed: 9119518191939887627

14 kae the Ruffian (level 2, -1/23 HPs)
             Began as a Draconian Transmuter on Apr 22, 2021.
             Slain by a hobgoblin (2 damage)
             ... on level 1 of the Dungeon.
             The game lasted 00:00:18 (381 turns).

kae the Ruffian (Draconian Transmuter)               Turns: 381, Time: 00:00:18

Health: -1/23      AC:  4    Str: 12    XL:     2   Next: 31%
Magic:  5/5        EV: 12    Int: 13    God:
Gold:   21         SH:  0    Dex: 11    Spells: 4/5 levels left

rFire    . . .     SeeInvis .     - Unarmed
rCold    . . .     Faith    .   (no shield)
rNeg     . . .     Spirit   .   (armour unavailable)
rPois    .         Reflect  .   (helmet restricted)
rElec    .         Harm     .   (no cloak)
rCorr    .         Rampage  .   (no gloves)
Will     .....                  (no boots)
Stlth    +.........             (no amulet)
HPRegen  0.07/turn              (no ring)
MPRegen  0.09/turn              (no ring)

@: no status effects
A: AC +4, unfitting armour, cold-blooded
a: no special abilities


You were on level 1 of the Dungeon.
You visited 1 branch of the dungeon, and saw 1 of its levels.

You collected 21 gold pieces.

Inventory:

Scrolls
 b - a scroll of holy word {unknown}
 c - a scroll of teleportation {unknown}
Potions
 a - a potion of haste {unknown}
 d - a potion of flight {unknown}


   Skills:
 + Level 1.4 Fighting
 + Level 2.0 Dodging
 * Level 3.1 Unarmed Combat
 + Level 2.1 Spellcasting
 * Level 2.3 Transmutations


You had 4 spell levels left.
You knew the following spells:

 Your Spells              Type           Power      Damage    Failure   Level
a - Beastly Appendage     Tmut           14%        N/A       10%         1

Your spell library contained the following spells:

 Spells                   Type           Power      Damage    Failure   Level
 Wereblood                Tmut           7%         N/A       14%         2
 Corona                   Hex            1%         N/A       26%         1
 Ensorcelled Hibernation  Hex/Ice        2%         N/A       36%         2
 Spider Form              Tmut/Pois      2%         N/A       43%         3
 Confusing Touch          Hex            1%         N/A       58%         3
 Dazzling Flash           Conj/Hex       2%         N/A       58%         3
 Tukima's Dance           Hex            1%         N/A       58%         3
 Ice Form                 Ice/Tmut       4%         N/A       83%         4
 Hydra Form               Tmut           3%         N/A       95%         5


Dungeon Overview and Level Annotations

Branches:
Dungeon (1/15)

Altars:


Innate Abilities, Weirdness & Mutations

Your plain brown scales are hard. (AC +4)
You cannot fit into any form of body armour.
You are cold-blooded and may be slowed by cold attacks.


Message History

You are too injured to fight recklessly!
You are too injured to fight recklessly!
You are too injured to fight recklessly!
You are too injured to fight recklessly!
You are too injured to fight recklessly!
You hit the endoplasm.
The endoplasm is almost dead.
The endoplasm hits you but does no damage.
The rat bites you but does no damage. The hobgoblin hits you.
You hit the rat.
Your tail-slap misses the rat.
The rat is severely wounded.
The endoplasm freezes you.
You are frozen.
* * * LOW HITPOINT WARNING * * *
The rat completely misses you. The hobgoblin hits you.
* * * LOW HITPOINT WARNING * * *
You hit the hobgoblin.
The hobgoblin is heavily wounded.
The endoplasm freezes you.
You are frozen.
* * * LOW HITPOINT WARNING * * *
You feel yourself slow down. The rat barely misses you.
The hobgoblin closely misses you.
You hit the rat.
You kill the rat!
The endoplasm closely misses you. The hobgoblin hits you.
* * * LOW HITPOINT WARNING * * *
The endoplasm barely misses you.
You hit the endoplasm but do no damage.
The endoplasm is almost dead.
You feel yourself speed up.
The hobgoblin hits you but does no damage.
The endoplasm freezes you.
You are frozen.
* * * LOW HITPOINT WARNING * * *
The hobgoblin completely misses you.
You hit the endoplasm.
You kill the endoplasm!
The hobgoblin hits you.
You die...

........#.###..###...
#......#......# ...
+.......###...# .#(
####.......###...# .#.
#................###.#
#.>....$....##...)...#
#.......#...##.......#
#.......#.#(##.......#
#....†@.#+#..#.....|.#
#....†.g.....##.######
#................
#####+#.....#.#..
#.....#.#. ###.....
....# ....#


You could see a hobgoblin.

Vanquished Creatures
  3 endoplasms (D:1)
  A hobgoblin (D:1)
  3 kobolds (D:1)
  A quokka (D:1)
  A ball python (D:1)
  A bat (D:1)
  A frilled lizard (D:1)
  4 rats (D:1)
15 creatures vanquished.

Notes
Turn   | Place    | Note
-------+----------+-------------------------------------------
     0 | D:1      | kae the Draconian Transmuter began the quest for the Orb.
     0 | D:1      | Reached XP level 1. HP: 16/16 MP: 3/3
   249 | D:1      | Reached XP level 2. HP: 23/23 MP: 3/5
   380 | D:1      | HP: 1/23 [frozen (1)]
   381 | D:1      | Slain by a hobgoblin

Illustrated notes

Levels and vault maps discovered:
D:1:      dpeg_arrival_orchard, layout_basic

Skill      XL: |  1  2 |
---------------+-------+-----
Dodging        | 2 |  2.0
Fighting       | |  1.4
Unarmed Combat | |  3.1
Spellcasting   | |  2.1
Transmutations | |  2.3

Action                   || total
-------------------------++-------
Melee: Unarmed           ||    38
       Kick              ||     3
       Headbutt          ||     2
       Tailslap          ||     2
 Cast: Beastly Appendage ||     7
Armor: Skin              ||    14
Dodge: Dodged            ||    27

Table legend: (Time is in decaauts)
 A = Elapsed time spent in this place.
 B = Non-inter-level travel time spent in this place.
 C = Inter-level travel time spent in this place.
 D = Time resting spent in this place.
 E = Time spent auto-exploring this place.
 F = Levels seen in this place.
 G = Mean time per level.
                   A        B        C        D        E       F      G
               +--------+--------+--------+--------+--------+-----+--------+
         Total |    380 |    380 |      0 |      0 |    282 |   1 |  380.0 |
       Dungeon |    380 |    380 |      0 |      0 |    282 |   1 |  380.0 |
               +--------+--------+--------+--------+--------+-----+--------+

Top non-repeatable levels by time:
     D:1: 380 daAuts
